Map: Dusk Towers

Players

LazyLotuS

  • Race: Terran Terran
  • League: Diamond

VampyWorm - Winner!

  • Race: Protoss Protoss
  • League: Master

VOD

Have the link to the VOD?

Description

Time

  • Played on: Dec. 21, 2015, 6:12 p.m.
  • Length: 5:46
Show
View Real Time Build Order
Export as new Build Order

LazyLotuS Terran 

Build Orders: Reaper Expand 

Get SALT Encoding   

  12  0:01  SCV  
  13  0:13  SCV  
  14  0:17  Supply Depot  
  14  0:25  SCV  
  15  0:39  SCV  
  15  0:40  Barracks  
  16  0:44  Refinery  
  16  0:51  SCV  
  17  1:03  SCV  
  18  1:15  SCV  
  19  1:27  Orbital Command  
  19  1:28  Reaper  
  20  1:42  Command Center  
  20  1:56  Supply Depot  
  20  2:00  SCV  
  21  2:12  Barracks  
  21  2:16  Barracks  
  21  2:22  Barracks Reactor, SCV  
  22  2:28  Factory  
  22  2:35  SCV  
  23  2:57  Orbital Command  
  23  2:59  Marine x2  
  23  3:01  Barracks Tech Lab, Refinery  
  23  3:03  Barracks Reactor  
  25  3:05  SCV  
  26  3:17  SCV  
  26  3:18  Marine x2  
  29  3:27  SCV, Stimpack  
  29  3:30  SCV  
  31  3:40  Marine x2  
  33  3:42  Marine x3  
  33  3:44  SCV x2  
  38  3:53  Starport  
  38  3:56  SCV  
  38  3:57  SCV  
  38  3:58  Marine x2  
  38  3:59  Marine  
  38  4:00  Marine  
  44  4:07  Factory Reactor  
  44  4:08  SCV  
  44  4:09  SCV  
  46  4:14  Supply Depot  
  46  4:16  Marine x3  
  49  4:17  Marine  
  50  4:25  SCV x2  
  52  4:37  Engineering Bay  
  52  4:38  Supply Depot  
  52  4:39  Marine x4  
  52  4:40  Supply Depot, SCV  
  52  4:41  SCV  
  58  4:49  Medivac  
  58  4:51  Medivac  
  62  4:59  SCV x2, Marine x2  
  65  5:00  Marine  
  67  5:08  Supply Depot  
  67  5:11  SCV x2  
  67  5:12  Supply Depot  
  69  5:17  Supply Depot  
  66  5:23  SCV  
Show
View Real Time Build Order
Export as new Build Order

VampyWorm Protoss - Winner!

Build Orders: 1 Gate Expand, Dark Templar Rush 

Get SALT Encoding   

  12  0:01  Probe (Chrono Boost)  
  13  0:12  Probe (Chrono Boost)  
  14  0:20  Pylon  
  14  0:22  Probe (Chrono Boost)  
  15  0:38  Gateway, Probe (Chrono Boost)  
  16  0:49  Probe (Chrono Boost)  
  17  1:10  Nexus  
  17  1:15  Assimilator  
  17  1:19  Assimilator  
  17  1:22  Probe (Chrono Boost)  
  18  1:31  Cybernetics Core  
  18  1:35  Probe (Chrono Boost)  
  19  1:45  Probe (Chrono Boost)  
  20  1:54  Pylon  
  20  1:56  Probe (Chrono Boost)  
  20  2:09  Mothership Core (Chrono Boost)  
  20  2:10  Warp Gate  
  20  2:14  Adept  
  24  2:26  Probe (Chrono Boost)  
  24  2:27  Probe (Chrono Boost)  
  26  2:33  Twilight Council  
  26  2:37  Probe (Chrono Boost)  
  27  2:38  Probe (Chrono Boost)  
  28  2:47  Probe (Chrono Boost)  
  28  2:49  Probe (Chrono Boost)  
  30  2:58  Pylon  
  29  3:09  Robotics Facility  
  29  3:20  Dark Shrine  
  30  3:29  Gateway  
  30  3:34  Gateway  
  29  3:36  Probe (Chrono Boost)  
  29  3:39  Probe (Chrono Boost)  
  31  3:50  Probe (Chrono Boost)  
  32  3:55  Warp Prism (Chrono Boost)  
  32  3:57  Probe (Chrono Boost)  
  32  4:00  Probe  
  36  4:08  Probe  
  37  4:13  Probe  
  39  4:27  Pylon  
  39  4:29  Assimilator  
  38  4:32  Dark Templar  
  38  4:33  Dark Templar x2  
  44  4:40  Probe  
  44  4:41  Probe  
  44  4:43  Observer (Chrono Boost)  
  47  4:47  Pylon  
  47  4:50  Probe  
  47  4:52  Forge  
  48  4:56  Probe  
  48  4:59  Gateway  
  49  5:00  Pylon  
  49  5:02  Probe  
  50  5:07  Assimilator  
  50  5:08  Probe  
  50  5:13  Probe  
  51  5:20  Probe  
  53  5:24  Probe  
  52  5:33  Probe  
  51  5:39  Gateway  
Tags
 
Add a new tag
Caveats
  • Supply blocks, unpowered buildings, or Contaminate may cause inaccurate times.
  • Supply counts are checked every 10 seconds.